Map: Tropical Sacrifice

Players

NaXin

  • Race: Terran Terran
  • Spawn Location: 7:00

Lemon - Winner!

  • Race: Terran Terran
  • Spawn Location: 1:00

Event: DreamHack SC2 Masters 2022 Atlanta (Online)

VOD

Have the link to the VOD?

Description

Time

  • Played on: Sept. 29, 2022, 8:09 a.m.
  • Length: 15:51

All games in this series

Show
View Real Time Build Order
Export as new Build Order

NaXin Terran 

Build Orders: Cyclone Opening 

Get SALT Encoding   

  12  0:00  SCV  
  13  0:12  SCV  
  14  0:17  Supply Depot  
  14  0:24  SCV  
  15  0:39  SCV  
  15  0:41  Barracks  
  16  0:45  Refinery  
  16  0:51  SCV  
  16  0:54  Refinery  
  17  1:03  SCV  
  18  1:15  SCV  
  19  1:28  Reaper, Orbital Command  
  20  1:33  Supply Depot  
  20  1:43  Factory  
  20  1:54  SCV  
  21  2:00  Reaper  
  22  2:06  SCV  
  23  2:18  SCV  
  24  2:28  Factory Tech Lab  
  24  2:30  SCV  
  24  2:31  Command Center  
  24  2:33  Barracks Reactor  
  24  2:42  SCV  
  25  2:47  Cyclone  
  28  2:54  SCV  
  28  2:56  Supply Depot  
  29  3:04  Starport  
  29  3:07  SCV  
  29  3:12  Marine  
  30  3:17  Marine  
  30  3:19  SCV  
  33  3:26  Factory Tech Lab  
  33  3:29  Refinery  
  33  3:30  Marine  
  33  3:31  SCV  
  35  3:35  Marine  
  36  3:43  SCV  
  36  3:46  Raven  
  39  3:53  Marine x2  
  39  3:55  SCV, Orbital Command  
  41  4:00  Siege Tank  
  45  4:07  Refinery  
  45  4:10  Supply Depot  
  45  4:12  Marine  
  45  4:14  Marine  
  47  4:18  SCV  
  47  4:21  SCV  
  49  4:30  SCV  
  50  4:33  SCV, Siege Tank  
  54  4:41  Viking  
  54  4:43  Viking  
  58  4:48  Supply Depot  
  58  4:50  SCV  
  58  4:51  SCV  
  60  4:55  Marine  
  60  4:57  Stimpack  
  61  5:02  Supply Depot  
  61  5:09  Siege Tank  
  64  5:14  Viking  
  64  5:19  Viking  
  64  5:21  SCV  
  69  5:23  SCV  
  69  5:27  Marine  
  71  5:32  Supply Depot  
  71  5:35  SCV x2  
  73  5:42  Siege Tank  
  76  5:44  Supply Depot  
  76  5:46  Viking  
  78  5:53  Marine  
  78  5:55  Viking  
  81  5:59  SCV  
  76  6:11  Marine  
  76  6:13  SCV  
  76  6:15  SCV  
  76  6:16  Viking  
  81  6:19  Siege Tank  
  81  6:25  SCV, Viking  
  85  6:27  SCV  
  85  6:29  Marine  
  85  6:32  Supply Depot  
  89  6:37  SCV  
  65  6:50  Viking, Marine  
  65  6:52  Siege Tank  
  65  6:53  SCV x2  
  68  6:57  Command Center  
  68  6:58  Combat Shield  
  68  6:59  Viking  
  70  7:05  SCV  
  69  7:12  Marine  
  68  7:20  Viking  
  68  7:23  SCV x2  
  68  7:24  Siege Tank  
  68  7:29  Viking  
  75  7:31  Marine  
  75  7:35  Barracks  
  76  7:39  Barracks  
  76  7:46  SCV  
  76  7:47  SCV  
  76  7:49  Marine  
  76  7:50  Viking  
  81  7:54  Engineering Bay  
  81  7:56  Engineering Bay, Siege Tank  
  81  7:58  SCV  
  85  7:59  Viking  
  85  8:00  SCV  
  88  8:07  Marine  
  88  8:09  Orbital Command  
  89  8:17  SCV  
  89  8:19  Barracks  
  91  8:20  Barracks, Viking, SCV  
  91  8:23  Barracks Reactor  
  91  8:26  Barracks Reactor  
  93  8:29  Viking  
  93  8:31  Siege Tank  
  93  8:33  SCV  
  96  8:39  Marine  
  96  8:40  SCV  
  96  8:45  Orbital Command  
  96  8:48  Terran Infantry Armor Level 1, Terran Infantry Weapons Level 1  
  96  8:49  SCV  
  96  8:53  SCV  
  98  8:58  Marine  
  98  9:00  Marine  
  100  9:03  Siege Tank  
  100  9:05  Medivac  
  100  9:07  Barracks Reactor x2  
  105  9:11  SCV  
  105  9:13  Refinery  
  105  9:15  Refinery  
  106  9:17  Marine  
  106  9:20  Marine  
  106  9:21  Sensor Tower  
  108  9:26  Marine  
  108  9:29  Medivac  
  111  9:32  Marine  
  111  9:35  Siege Tank, Marine  
  111  9:38  Supply Depot, Marine  
  117  9:42  Missile Turret  
  117  9:46  Missile Turret  
  117  9:48  Missile Turret  
  117  9:49  Armory  
  117  9:52  Supply Depot  
  117  9:56  Medivac, Marine x6  
  117  9:59  Medivac, Marine x3  
  130  10:05  Supply Depot x2  
  130  10:10  Siege Tank  
  133  10:14  Supply Depot, Marine x4  
  133  10:15  Marine  
  133  10:19  Marine  
  133  10:20  Supply Depot  
  139  10:25  Marine  
  139  10:26  Marine  
  139  10:27  Medivac, Factory  
  143  10:30  Marine  
  143  10:34  Medivac  
  146  10:40  Marine  
  147  10:44  Terran Infantry Weapons Level 2  
  147  10:46  Command Center  
  147  10:49  Terran Infantry Armor Level 2  
  147  10:50  Marine  
  147  10:53  Marine  
  147  10:57  Marine x2  
  149  10:59  Viking  
  149  11:03  Marine  
  154  11:04  Viking  
  154  11:10  Marine x2  
  158  11:11  Factory Tech Lab  
  158  11:12  Siege Tank  
  158  11:16  Supply Depot  
  158  11:17  Marine  
  162  11:18  Marine  
  163  11:29  Marine x4  
  163  11:30  Siege Tank  
  170  11:35  Supply Depot, Marine  
  170  11:38  Marine  
  170  11:39  Marine  
  172  11:41  Supply Depot, Marine  
  172  11:47  Marine  
  144  12:03  Marine  
  144  12:04  Marine x2  
  144  12:05  Marine  
  144  12:06  Marine x2  
  144  12:07  Siege Tank  
  158  12:10  Marine  
  156  12:17  Factory Tech Lab  
  156  12:21  Marine  
  156  12:22  Viking x2  
  159  12:25  Marine  
  159  12:26  Marine  
  159  12:28  Marine  
  162  12:32  Marine  
  162  12:34  Barracks Reactor  
  163  12:40  Marine x2  
  163  12:41  Siege Tank  
  163  12:42  Marine  
  147  12:44  Marine  
  147  12:45  Siege Tank  
  144  12:52  Orbital Command  
  144  12:55  Marine  
  144  13:00  Medivac x2  
  148  13:10  Marine  
  148  13:11  Marine  
  148  13:12  Marine  
  151  13:13  Marine  
  151  13:16  SCV  
  153  13:20  Siege Tank  
  151  13:28  Marine x2  
  151  13:29  Marine x3  
  151  13:32  Marine x2  
  155  13:45  Viking  
  155  13:47  Marine x2  
  159  13:51  Marine x2  
  159  13:53  SCV x2  
  163  13:57  Marine  
  163  13:59  Marine  
  116  14:22  Marine x4  
  116  14:23  Siege Tank, Marine x2  
  116  14:24  Marine  
  114  14:25  Marine x2  
  114  14:31  Siege Tank  
  120  14:40  Marine x4  
  120  14:41  Marine x2  
  120  14:42  Viking, Marine  
  120  14:45  Viking  
  131  14:47  Marine  
  131  14:49  Marine  
  133  14:57  Marine  
  134  15:00  Marine  
  134  15:01  Marine x3  
  134  15:04  Siege Tank  
  141  15:08  Marine x2  
  141  15:14  Siege Tank  
  143  15:16  Marine  
  143  15:18  Marine  
  145  15:26  Marine x2  
  145  15:27  Marine  
  129  15:30  Marine x2  
Show
View Real Time Build Order
Export as new Build Order

Lemon Terran - Winner!

Build Orders:  

Get SALT Encoding   

  12  0:00  SCV  
  13  0:12  SCV  
  14  0:17  Supply Depot  
  14  0:24  SCV  
  15  0:39  SCV  
  15  0:40  Barracks  
  16  0:44  Refinery  
  16  0:51  SCV  
  16  0:54  Refinery  
  17  1:03  SCV  
  18  1:15  SCV  
  19  1:27  Reaper, Orbital Command  
  19  1:32  Supply Depot  
  20  1:41  Factory  
  20  1:53  SCV  
  21  1:59  Reaper  
  22  2:05  SCV  
  23  2:18  Command Center  
  23  2:19  SCV  
  24  2:26  Hellion  
  26  2:33  Reaper  
  26  2:35  SCV  
  28  2:40  Supply Depot  
  28  2:47  SCV  
  28  2:50  Starport  
  28  2:54  Hellion  
  30  2:59  SCV  
  31  3:06  Barracks Reactor  
  31  3:15  Factory Tech Lab  
  31  3:16  SCV  
  31  3:17  Refinery  
  32  3:28  SCV  
  32  3:30  Starport Tech Lab, Orbital Command  
  33  3:34  Cyclone  
  36  3:44  Marine x2  
  36  3:48  SCV  
  39  3:49  Raven  
  41  3:58  SCV  
  41  4:00  SCV  
  43  4:04  Supply Depot  
  43  4:05  Marine x2  
  43  4:08  Siege Tank  
  48  4:12  SCV x2  
  50  4:24  SCV  
  50  4:25  SCV  
  52  4:32  Raven  
  52  4:34  Command Center  
  52  4:37  SCV  
  55  4:43  Siege Tank  
  55  4:44  SCV  
  59  4:49  SCV  
  59  4:50  Supply Depot  
  60  4:56  SCV  
  61  5:01  SCV  
  61  5:03  Refinery  
  62  5:12  Supply Depot, SCV  
  62  5:13  SCV  
  66  5:15  Siege Tank  
  67  5:24  SCV  
  67  5:25  Viking  
  70  5:34  Viking, Marine, SCV  
  74  5:36  SCV  
  74  5:39  Stimpack  
  74  5:40  Barracks  
  74  5:41  Barracks  
  75  5:46  SCV  
  75  5:48  SCV, Orbital Command  
  76  5:53  Marine  
  76  5:54  Siege Tank  
  73  6:07  Viking x2  
  73  6:08  SCV x2  
  79  6:12  Marine  
  79  6:15  Supply Depot x2  
  80  6:20  SCV x2  
  80  6:22  SCV  
  83  6:30  Barracks Reactor  
  83  6:31  Barracks Reactor  
  83  6:32  SCV x2  
  85  6:35  Marine  
  85  6:36  Siege Tank  
  77  6:47  Orbital Command  
  77  6:48  Viking x2  
  77  6:51  SCV x2  
  77  6:53  Marine  
  81  7:00  Supply Depot  
  81  7:01  Supply Depot  
  81  7:03  SCV x2  
  81  7:08  Siege Tank  
  80  7:17  Marine  
  80  7:18  Marine x4  
  80  7:19  Viking  
  80  7:20  SCV x2  
  80  7:21  SCV  
  90  7:27  Engineering Bay  
  90  7:32  SCV  
  90  7:35  Engineering Bay, SCV, Marine  
  90  7:36  SCV  
  94  7:38  Supply Depot  
  94  7:42  Marine x4  
  94  7:43  Siege Tank  
  102  7:44  SCV  
  102  7:47  Combat Shield  
  102  7:49  Medivac x2  
  102  7:50  SCV  
  108  7:55  SCV  
  108  8:02  Command Center  
  108  8:04  Terran Infantry Armor Level 1, Terran Infantry Weapons Level 1  
  108  8:09  Refinery x2, Sensor Tower  
  108  8:17  Marine x5  
  108  8:18  Siege Tank  
  115  8:22  Supply Depot  
  112  8:35  Marine  
  112  8:39  Marine x4  
  112  8:40  Viking x2  
  121  8:51  Supply Depot  
  121  8:52  Marine  
  121  8:53  Supply Depot, Barracks  
  121  8:54  Barracks, Armory  
  122  8:57  Marine  
  122  8:59  Marine  
  122  9:00  Marine x2  
  122  9:01  Siege Tank  
  129  9:05  Factory  
  129  9:10  SCV x3, Marine  
  129  9:15  Planetary Fortress  
  133  9:17  Missile Turret  
  133  9:19  Marine x4  
  133  9:23  Medivac x2  
  141  9:28  Marine  
  142  9:35  Siege Tank  
  142  9:36  Marine  
  142  9:37  Marine  
  148  9:42  SCV x3  
  150  9:46  Sensor Tower  
  150  9:50  Starport x2  
  150  9:54  SCV x3  
  150  9:56  Barracks Reactor  
  153  10:02  Supply Depot, Terran Infantry Weapons Level 2  
  153  10:03  Refinery x2  
  153  10:08  Barracks Reactor  
  153  10:09  Barracks Reactor  
  153  10:10  Terran Infantry Armor Level 2  
  153  10:11  Marine x4  
  157  10:25  Siege Tank  
  157  10:26  Siege Tank  
  163  10:29  Marine x2  
  163  10:31  Starport Tech Lab x2  
  165  10:36  Command Center  
  165  10:39  Marine x2  
  165  10:42  Viking  
  169  10:49  Marine  
  169  10:50  Marine  
  169  10:51  Corvid Reactor  
  169  10:55  Supply Depot, Terran Vehicle Weapons Level 1  
  173  10:57  Sensor Tower  
  173  11:00  Siege Tank  
  173  11:01  Siege Tank  
  177  11:04  Viking  
  178  11:13  Viking  
  180  11:23  Command Center  
  180  11:24  Refinery x2, Missile Turret  
  185  11:26  Raven x2  
  185  11:28  SCV x3  
  185  11:29  SCV  
  185  11:31  Supply Depot  
  185  11:32  Supply Depot  
  188  11:47  Viking, Siege Tank  
  191  11:54  Marine  
  191  11:55  Siege Tank  
  191  11:56  Viking  
  193  12:05  Marine x9  
  176  12:10  Starport x2  
  176  12:12  Planetary Fortress, Marine  
  177  12:20  Armory, Siege Tank  
  177  12:22  Raven, Marine  
  183  12:40  Raven  
  183  12:41  Viking x2  
  168  12:51  Siege Tank  
  171  12:58  Orbital Command  
  171  13:00  Starport Reactor  
  171  13:05  Command Center  
  171  13:09  Starport Tech Lab  
  171  13:15  Siege Tank, Marine  
  171  13:16  Viking  
  171  13:18  Viking  
  171  13:19  Viking  
  177  13:35  Marine x3  
  177  13:40  Siege Tank, Raven  
  185  13:46  Marine  
  185  13:47  Marine x6  
  185  13:48  Siege Tank  
  195  13:53  Marine x2  
  195  13:55  Raven  
  199  13:59  Command Center  
  199  14:00  Command Center  
  141  14:17  Liberator, Viking  
  141  14:18  Raven  
  141  14:22  Marine x2  
  141  14:23  Raven, Marine x3  
  157  14:24  Siege Tank x2, Marine x2  
  157  14:25  Marine x2  
  157  14:27  Command Center  
  157  14:30  Marine  
  163  14:31  Viking  
  163  14:35  Orbital Command  
  165  14:40  Marine x2  
  167  14:47  Marine x7  
  174  14:57  Marine  
  174  14:58  Marine x2  
  174  14:59  Siege Tank  
  180  15:05  Viking, Marine x3  
  185  15:07  Raven x2  
  185  15:13  Marine  
  185  15:14  Siege Tank  
  193  15:23  Sensor Tower  
  193  15:41  Command Center  
Tags
 
Add a new tag
Caveats
  • Supply blocks, unpowered buildings, or Contaminate may cause inaccurate times.
  • Supply counts are checked every 10 seconds.